 Dungeon Crawl Stone Soup version 0.21.0-8-gf18e19db4a (webtiles) character file.

260 MalkierKing the Skirmisher (level 5, -2/48 HPs)
             Began as a Minotaur Berserker on Jan 18, 2018.
             Was a Believer of Trog.
             Slain by an ogre
             ... wielding a +0 giant club
              (25 damage)
             ... on level 3 of the Dungeon.
             The game lasted 00:10:17 (1718 turns).

MalkierKing the Skirmisher (Minotaur Berserker)     Turns: 1718, Time: 00:10:17

Health: -2/48      AC:  2    Str: 23    XL:     5   Next: 95%
Magic:  4/4        EV: 13    Int:  4    God:    Trog [**....]
Gold:   99         SH:  0    Dex:  9    Spells: 4/4 levels left

rFire    . . .     SeeInvis .   k - +0 war axe
rCold    . . .     Gourm    .   (no shield)
rNeg     . . .     Faith    .   b - +0 animal skin
rPois    .         Spirit   .   (helmet restricted)
rElec    .         Reflect  .   (no cloak)
rCorr    .         Harm     .   (no gloves)
MR       ++...                  (no boots)
Stlth    +.........             (no amulet)
HPRegen  1.16/turn              (no ring)
MPRegen  0.09/turn              (no ring)

@: regenerating
A: retaliatory headbutt, horns 2
a: Berserk, Trog's Hand, Burn Spellbooks, Renounce Religion


You were on level 3 of the Dungeon.
You worshipped Trog.
Trog was pleased with you.
You were not hungry.

You visited 1 branch of the dungeon, and saw 3 of its levels.

You collected 99 gold pieces.

Inventory:

Hand Weapons
 k - a +0 war axe (weapon)
Armour
 b - a +0 animal skin (worn)
Scrolls
 f - a scroll of enchant weapon {unknown}
 g - 2 scrolls of identify
 h - a scroll of magic mapping {unknown}
 i - 2 scrolls of amnesia {unknown}
 j - a scroll of fear {unknown}
 m - a scroll of blinking {unknown}
Potions
 d - a potion of berserk rage
 e - 3 potions of lignification
 l - 2 potions of haste {unknown}
Comestibles
 c - 3 rations


   Skills:
 + Level 5.1 Fighting
 + Level 5.1 Axes
 + Level 4.1 Armour
 + Level 3.8 Dodging


You had 4 spell levels left.
You didn't know any spells.

Dungeon Overview and Level Annotations

Branches:
Dungeon (3/15)

Altars:
Cheibriados
Elyvilon
Gozag
Nemelex Xobeh
Ru
Sif Muna
Trog
Wu Jian
Zin
The Shining One


Innate Abilities, Weirdness & Mutations

You reflexively headbutt those who attack you in melee.
You have a pair of horns on your head.


Message History

The ogre barely misses you.
You feel yourself speed up. The ogre hits you but does no damage.
A bat comes into view.
The bat closely misses you.
Your skin crawls.
You feel resistant to hostile enchantments.
You feel somewhat more hungry. The bat barely misses you.
You furiously retaliate!
You headbutt the bat. You barely miss the bat.
The bat is severely wounded.
You hit the ogre. The bat hits you but does no damage.
The ogre closely misses you. You furiously retaliate!
You headbutt the ogre, but do no damage.
The bat misses you. The bat barely misses you.
There is a stone staircase leading up here.
The bat barely misses you. The ogre hits you with a giant club!!
Ouch! That really hurt!
You die...

.....#..######.#
................
####.#.#†#####..#
############ #.#..# #..#
#........... #.##.# #..#
#.#.####.### #. #.##
#..#####.#.#).'.'.. #.
#..# #........#.#..#.#.⌠
#.
##.###b######.#.#'##.###
..
#..##.@......#.........
##.##O########.#'##.###
#.##K# #.#..'.'.. #.##.#
# #..#.#.. ##### #.##.#
####.##' #_#.###.##.#
........ ##.'....K.#.#
####.##' #8_'..###O#.# #
#..'.'.. ##.'....#.#.#
#.#..#.#..


You could see an ogre, a bat and a kobold.

Vanquished Creatures
  An ogre (D:3)
  A jelly (D:2)
  Natasha (twice) (D:3)
  2 adders (D:2)
  4 worms (D:2)
  2 dart slugs (D:1)
  A leopard gecko (D:3)
  3 orcs (D:3)
  2 bats (D:2)
  3 giant cockroaches
  5 goblins
  11 hobgoblins
  4 jackals (D:1)
  3 quokkas (D:2)
  5 frilled lizards
  6 kobolds
  9 rats
64 creatures vanquished.

Notes
Turn   | Place    | Note
-------+----------+-------------------------------------------
     0 | D:1      | MalkierKing the Minotaur Berserker began the quest for the Orb.
     0 | D:1      | Reached XP level 1. HP: 19/19 MP: 0/0
    73 | D:1      | Reached XP level 2. HP: 16/27 MP: 1/1
   296 | D:1      | Reached XP level 3. HP: 5/33 MP: 2/2
   299 | D:1      | Reached ** piety under Trog
   933 | D:2      | Found an ornate altar of the Wu Jian Council.
   940 | D:2      | Reached XP level 4. HP: 26/41 MP: 3/3
   963 | D:2      | Found a sparkling altar of Nemelex Xobeh.
   967 | D:2      | Found a snail-covered altar of Cheibriados.
   968 | D:2      | Found an opulent altar of Gozag.
   968 | D:2      | Found a bloodstained altar of Trog.
   990 | D:2      | Found a sacrificial altar of Ru.
   990 | D:2      | Found a deep blue altar of Sif Muna.
  1257 | D:3      | Noticed Natasha
  1274 | D:3      | Killed Natasha
  1274 | D:3      | Reached XP level 5. HP: 11/47 MP: 4/4
  1387 | D:3      | Noticed an ogre
  1497 | D:3      | Killed an ogre
  1497 | D:3      | Reached skill level 5 in Fighting
  1497 | D:3      | Reached skill level 5 in Axes
  1647 | D:3      | Noticed Natasha
  1654 | D:3      | Killed Natasha
  1662 | D:3      | Found a white marble altar of Elyvilon.
  1664 | D:3      | Found a glowing silver altar of Zin.
  1666 | D:3      | Found a glowing golden altar of the Shining One.
  1686 | D:3      | Noticed an ogre
  1718 | D:3      | Slain by an ogre

Skill      XL: |  1  2  3  4  5 |
---------------+----------------+-----
Axes           | 4 5 |  5.1
Fighting       | 4 5 |  5.1
Armour         | 3 4 |  4.1
Dodging        | 3 |  3.8

Action                   |  1- 3 |  4- 6 || total
-------------------------+-------+-------++-------
Melee: Hand axe          |    77 |    38 ||   115
       Headbutt          |    11 |     8 ||    19
       War axe           |       |     6 ||     6
       Unarmed           |       |     4 ||     4
Invok: Trog's Hand       |       |     2 ||     2
       Berserk           |       |     2 ||     2
  Use: Potion            |     1 |       ||     1
       Scroll            |     1 |       ||     1
 Stab: Sleeping          |     1 |       ||     1
  Eat: Chunk             |       |     5 ||     5
Armor: Animal skin       |    11 |     5 ||    16
       Skin              |     6 |       ||     6
Dodge: Dodged            |    48 |    37 ||    85
